 Dungeon Crawl Stone Soup version 0.20.1-1-g8b1a95d (webtiles) character file.

44 PhyxPenguin the Sneak (level 3, 0/16 HPs)
             Began as a Spriggan Earth Elementalist on Dec 19, 2017.
             Slain by a gnoll
             ... wielding a +0 spear
              (5 damage)
             ... on level 2 of the Dungeon on Jan 9, 2018.
             The game lasted 00:25:48 (1880 turns).

PhyxPenguin the Sneak (Spriggan Earth Elementalist) Turns: 1880, Time: 00:25:49

Health: 0/16       AC:  2    Str:  4    XL:     3   Next: 39%
Magic:  6/8        EV: 18    Int: 17    God:
Gold:   65         SH:  0    Dex: 16    Spells: 4/8 levels left

rFire    . . .     SeeInvis +   (weapon restricted)
rCold    . . .     Gourm    .   (shield restricted)
rNeg     . . .     Faith    .   c - +0 robe
rPois    .         Spirit   .   (helmet restricted)
rElec    .         Reflect  .   (no cloak)
rCorr    .         Harm     .   (gloves unavailable)
MR       .....                  (boots unavailable)
Stlth    +++.......             (no amulet)
Regen    0.1/turn               (no ring)
MPRegen  0.2/turn               (no ring)

@: very quick
A: unfitting armour, see invisible, herbivore 3, speed 3, slow metabolism 2
a: no special abilities


You were on level 2 of the Dungeon.
You were not hungry.

You visited 1 branch of the dungeon, and saw 3 of its levels.

You collected 65 gold pieces.

Inventory:

Missiles
 b - 21 stones (quivered)
Armour
 c - a +0 robe (worn)
Scrolls
 g - a scroll of identify {unknown}
Potions
 a - a potion of haste {unknown}
 h - a potion of heal wounds {unknown}
 i - a potion of curing {unknown}
 j - a potion of agility {unknown}
 k - a potion of might {unknown}
 l - a potion of magic {unknown}
Books
 e - a book of Geomancy

   Spells                             Type                      Level
   a - Sandblast                      Earth                        1
   b - Passwall                       Transmutation/Earth          2
   c - Stone Arrow                    Conjuration/Earth            3
   d - Petrify                        Transmutation/Earth          4
   e - Lee's Rapid Deconstruction     Earth                        5
Comestibles
 d - 3 bread rations
 f - 3 fruits


   Skills:
 + Level 3.3 Dodging
 + Level 3.6 Stealth
 + Level 0.2 Unarmed Combat
 + Level 3.1 Spellcasting
   Level 1.3 Transmutations
 + Level 3.4 Earth Magic


You had 4 spell levels left.
You knew the following spells:

 Your Spells              Type           Power        Failure   Level  Hunger
a - Sandblast             Erth           ##....       4%          1    None
b - Stone Arrow           Conj/Erth      #.....       26%         3    ###....


Dungeon Overview and Level Annotations

Branches:
Dungeon (3/15)

Altars:
Dithmenos
Xom

Annotations:
D:2 Jessica


Innate Abilities, Weirdness & Mutations

You are very small and have problems with some larger weapons.
You are too small for most types of armour.
You have supernaturally acute eyesight. (SInv)
You are a herbivore.
You cover ground extremely quickly.
You need consume almost no food.


Message History

Confirm with . or Enter, or press ? or * to list all spells.
Aiming: Sandblast
Press: ? - help, Shift-Dir - straight line, f - gnoll
Aim: a gnoll, wielding a spear The blast of sand misses the gnoll.
b - 22 stones The gnoll closely misses you.
Casting: Sandblast
Confirm with . or Enter, or press ? or * to list all spells.
Aiming: Sandblast
Press: ? - help, Shift-Dir - straight line, f/p - gnoll
Aim: a gnoll, wielding a spear The blast of sand hits the gnoll.
The gnoll is moderately wounded.
b - 21 stones The gnoll hits you from afar with a spear.
Jessica closely misses you. The quokka bites you.
The gnoll hits you from afar with a spear.
You die...

##....##....................###..
#........####...................>
...####.$...#.......g.......##...
##.# #####......##.........##...
... ##...#..#.........##... ....#
#................##..) ...?#####
#.####.gg........##.##
.##.!...####.###..#.........##.#
.##.....#.%.....@.@r..#..#.###.#
.##.......#..###.?...[#..#..# .#
.##.....##..####.#..........##.#
..#............._....##........#
............##.#.#...##..###.(.##
........#.#.####.....#....##h...#
...######.#..# ##....#.#..##.#...
...# #..##.# #................
.).# #<## .# #.†..............


You could see 3 gnolls, Jessica and a quokka.

Vanquished Creatures
  An adder (D:2)
  2 leopard geckos (D:1)
  A ball python (D:1)
  2 giant cockroaches (D:1)
  A goblin (D:1)
  8 hobgoblins
  4 jackals (D:2)
  2 bats
  2 frilled lizards
  3 kobolds
  3 rats
29 creatures vanquished.

Notes
Turn   | Place    | Note
-------+----------+-------------------------------------------
     0 | D:1      | PhyxPenguin the Spriggan Earth Elementalist began the quest for the Orb.
     0 | D:1      | Reached XP level 1. HP: 9/9 MP: 5/5
     2 | D:1      | Noticed a demigod
     2 | D:1      | Noticed a draconian
     4 | D:1      | Noticed a halfling
     4 | D:1      | Noticed a troll
     6 | D:1      | Noticed a demonspawn
     8 | D:1      | Noticed a minotaur
    10 | D:1      | Noticed a naga
    10 | D:1      | Noticed a vine stalker
    28 | D:1      | Noticed a human
    28 | D:1      | Noticed a vampire
    30 | D:1      | Noticed a felid
    30 | D:1      | Noticed a centaur
    32 | D:1      | Noticed a dwarf
    32 | D:1      | Noticed an ogre
    34 | D:1      | Noticed a tengu
    34 | D:1      | Noticed a formicid
    36 | D:1      | Noticed a ghoul
    36 | D:1      | Noticed a spriggan
    38 | D:1      | Noticed an octopode
    40 | D:1      | Noticed a gargoyle
    40 | D:1      | Noticed a merfolk
    42 | D:1      | Noticed an elf
   167 | D:1      | Reached XP level 2. HP: 13/13 MP: 1/6
  1111 | D:2      | Reached XP level 3. HP: 14/16 MP: 2/8
  1164 | D:3      | Found a shimmering altar of Xom.
  1460 | D:1      | Learned a level 3 spell: Stone Arrow
  1641 | D:2      | Found a shadowy altar of Dithmenos.
  1752 | D:2      | Noticed Jessica
  1880 | D:2      | Slain by a gnoll

Skill      XL: |  1  2  3 |
---------------+----------+-----
Earth Magic    | 3 |  3.4
Spellcasting   | 3 |  3.1
Dodging        | |  3.3
Stealth        | |  3.6
Unarmed Combat | |  0.2
Transmutations | |  1.3

Action                   || total
-------------------------++-------
Melee: Unarmed           ||    36
 Cast: Sandblast         ||    52
  Use: Scroll            ||     2
 Stab: Sleeping          ||     1
Armor: Robe              ||     9
Dodge: Dodged            ||    98
